 Dungeon Crawl Stone Soup version 0.29.1-4-g47bece8355 (webtiles) character file.

Game seed: 15579347775589756817

98 bisquet the Cutter (level 4, -10/40 HPs)
             Began as a Draconian Berserker on Dec 1, 2022.
             Was a Believer of Trog.
             Killed by nerve-wracking pain
             ... invoked by an orc priest
              (14 damage)
             ... on level 4 of the Dungeon.
             The game lasted 00:22:28 (2217 turns).

bisquet the Cutter (Draconian Berserker)            Turns: 2217, Time: 00:22:29

Health: -10/40     AC:  6    Str: 21    XL:     4   Next: 44%
Magic:  4/4        EV: 12    Int:  7    God:    Trog [**....]
Gold:   111        SH:  0    Dex: 11    Spells: 3/3 levels left

rFire   + . .      SeeInvis .   w - +0 hand axe
rCold   x . .      Faith    .   (no shield)
rNeg    . . .      Spirit   .   (body armour unavailable)
rPois   .          Reflect  .   (helmet restricted)
rElec   .          Harm     .   p - +0 cloak
rCorr   .          Rampage  .   (no gloves)
Will    .....                   (no boots)
Stlth   +.........              (no amulet)
HPRegen 0.13/turn               u - ring of fire
MPRegen 0.09/turn               (no ring)

@: no status effects
A: AC +5, unfitting armour, cold-blooded
a: Renounce Religion, Berserk, Trog's Hand


You were on level 4 of the Dungeon.
You worshipped Trog.
Trog was pleased with you.
You visited 1 branch of the dungeon, and saw 4 of its levels.

You collected 111 gold pieces.

Inventory:

Hand Weapons
 a - a +0 short sword
 b - a +0 whip
 d - a +0 club
 f - a +0 sling
 h - a +0 dagger
 w - a +0 hand axe (weapon)
 x - a +1 mace of distortion
Missiles
 j - 6 stones (quivered)
 o - 6 boomerangs
 r - 3 poisoned darts
Armour
 g - a +0 leather armour
 i - a +0 ring mail
 p - a +0 cloak (worn)
Jewellery
 u - a ring of fire (left hand)
Wands
 n - a wand of acid (5)
Scrolls
 q - 3 scrolls of torment {unknown}
 s - a scroll of amnesia {unknown}
 t - a scroll of identify
 v - a scroll of poison {unknown}
Potions
 c - a potion of curing {unknown}
 e - a potion of degeneration
 k - a potion of resistance {unknown}
 l - a potion of attraction {unknown}
 m - a potion of flight {unknown}


   Skills:
 + Level 3.9 Fighting
 + Level 4.0 Short Blades
 + Level 0.1(0.2) Axes
 + Level 0.1 Maces & Flails
 + Level 3.5 Dodging
 + Level 0.1 Stealth


You had 3 spell levels left.
You didn't know any spells.
Your spell library contained the following spells:

 Spells                   Type           Power      Damage    Failure   Level
 Blink                    Tloc           0%         N/A       56%         2
 Manifold Assault         Tloc           0%         N/A       100%        5
 Storm Form               Tmut/Air       0%         N/A       100%        7


Dungeon Overview and Level Annotations

Branches:
Dungeon (3/15)

Altars:

Shops:
D:2 (


Innate Abilities, Weirdness & Mutations

Your plain brown scales are hard. (AC +5)
You cannot fit into any form of body armour.
You are cold-blooded and may be slowed by cold attacks.


Message History

The orc priest is almost dead.
The orc priest hits you but does no damage. x2
You hit the orc priest.
You kill the orc priest!
Trog accepts your kill.
Your Short Blades skill increases to level 4!
You barely miss the orc. The orc hits you with a +0 mace.
You barely miss the orc. The orc hits you but does no damage.
You closely miss the orc. The orc hits you but does no damage. x2
You barely miss the orc. You tail-slap the orc.
The orc is lightly wounded.
The orc closely misses you.
You hit the orc.
The orc is moderately wounded.
The orc hits you but does no damage.
You hit the orc but do no damage.
The orc is moderately wounded.
The orc closely misses you.
You closely miss the orc.
The orc is moderately wounded.
The orc barely misses you.
The orc priest calls upon Beogh to heal the orc.
The orc's wounds heal themselves!
The orc closely misses you.
The orc priest calls down the wrath of Beogh upon you.
Beogh smites you!
You hit the orc but do no damage. You punch the orc, but do no damage.
The orc hits you but does no damage.
You hit the orc.
The orc is almost dead.
The orc priest casts a cantrip, but nothing happens.
The orc barely misses you.
You barely miss the orc. You tail-slap the orc.
You kill the orc!
Trog accepts your kill.
The orc priest invokes the aid of Beogh against you.
Beogh smites you!
* * * LOW HITPOINT WARNING * * *
The orc priest invokes the aid of Beogh against you.
Pain shoots through your body!
You die...

.. .## .. .# ..# #.. .
..# #.###.+#.##.#
..#...#.##.# ..
...#.#.##.# ..
#...#@##.#
##.###..#)##.#
.#...#...#o##.#
...#...#...##.######
..................###
..##.#.#.#.##o........
............###.######
..............#.#
............#.#.#


You could see an orc priest.

Vanquished Creatures
  An orc priest (D:4)
  2 adders (D:2)
  2 worms (D:2)
  2 dart slugs
  2 orcs (D:4)
  2 bats
  5 endoplasms
  A giant cockroach (D:2)
  2 hobgoblins
  7 jackals
  A kobold (D:1)
  2 quokkas
  A ball python (D:2)
  2 frilled lizards (D:2)
  3 goblins
  5 rats
40 creatures vanquished.

Vanquished Creatures (others)
  12 fungi (D:2)
12 creatures vanquished.

Grand Total: 52 creatures vanquished

Notes
Turn   | Place    | Note
-------+----------+-------------------------------------------
     0 | D:1      | bisquet the Draconian Berserker began the quest for the
                  | Orb.
     0 | D:1      | Reached XP level 1. HP: 19/19 MP: 1/1
   207 | D:1      | Reached XP level 2. HP: 25/26 MP: 2/2
   945 | D:2      | Found Zonotic's Antique Weapon Shop.
  1050 | D:2      | Reached XP level 3. HP: 28/33 MP: 3/3
  1318 | D:2      | Reached ** piety under Trog
  1930 | D:2      | Reached XP level 4. HP: 40/40 MP: 4/4
  2149 | D:3      | You fall into a shaft and drop 1 floor!
  2207 | D:4      | Reached skill level 4 in Short Blades
  2217 | D:4      | Killed from afar by an orc priest

Illustrated notes

Levels and vault maps discovered:
D:1:      lemuel_arrival_rhombus, layout_loops_ring
D:2:      layout_rooms, serial_shops, nicolae_shop_waterfront,
          dreamdust_mushroom_princess
D:3:      layout_rooms, marbit_many_paths,
          hellmonk_ecumenical_altar_watching_god, serial_shops, shop
D:4:      layout_basic, minmay_misc_feat_four_crosses

Skill      XL: |  1  2  3  4 |
---------------+-------------+-----
Dodging        | 3 |  3.5
Short Blades   | 4 |  4.0
Fighting       | |  3.9
Axes           | |  0.1
Maces & Flails | |  0.1
Stealth        | |  0.1

Action                   |  1- 3 |  4- 6 || total
-------------------------+-------+-------++-------
Melee: Short sword       |   158 |    58 ||   216
       Tailslap          |    15 |    21 ||    36
       Club              |    37 |       ||    37
       Punch             |     2 |     3 ||     5
       Hand axe          |       |    21 ||    21
  Use: Scroll            |     2 |       ||     2
Armor: Skin              |    71 |    10 ||    81
Dodge: Dodged            |   157 |     9 ||   166
